[Event "Team 45 45 League T92"]
[Site "Internet Chess Club"]
[Date "2022.06.04"]
[Round "8"]
[White "BrerRabbit"]
[Black "seldredg"]
[Result "0-1"]
[WhiteElo "1374"]
[BlackElo "1282"]
[Opening "Dutch: classical variation"]
[ECO "A96"]
[Time "19:01:35"]
[PlyCount "78"]
[TimeControl "2700+45"]

1. d4 e6 2. Nf3 f5 3. g3 Nf6 4. Bg2 Be7 5. O-O O-O 6. c4 d6 7. b3 a5 8. Bb2 Qe8
9. Nc3 Ne4 10. Ne1 Nxc3 11. Bxc3 Nd7 12. Nd3 Bf6 13. Qd2 a4 14. e3 Ra7 15. Nb2
a3 16. Nd3 c6 17. Rac1 e5 18. dxe5 dxe5 19. e4 fxe4 20. Bxe4 Qe7 21. Rcd1 c5 22.
Qe3 b6 23. f3 Nb8 24. Nf2 Bg5 25. Qe2 Bf5 26. Bxf5 Rxf5 27. Ne4 Nc6 28. Nxg5
Qxg5 29. Qe4 Nd4 30. Qd5+ Raf7 31. Bxd4 exd4 32. Qe4 Re7 33. Qg4 Qxg4 34. fxg4
Rxf1+ 35. Rxf1 Re2 36. Rf2 Rb2 37. Kg2 d3 38. Kf1 d2 39. Ke2 d1=Q+ {White
resigns} 0-1

[Event "Team 45 45 League T92"]
[Site "Internet Chess Club"]
[Date "2022.06.06"]
[Round "8"]
[White "Fulmar"]
[Black "jcule"]
[Result "1-0"]
[WhiteElo "1263"]
[BlackElo "1354"]
[Opening "Ruy Lopez: old Steinitz defense"]
[ECO "C62"]
[Time "14:00:34"]
[PlyCount "25"]
[TimeControl "2700+45"]

1. e4 e5 2. Nf3 Nc6 3. Bb5 d6 4. c3 Bd7 5. O-O Nf6 6. Qe2 Na5 7. b4 c6 8. Bd3 d5
9. bxa5 Qxa5 10. exd5 Qxd5 11. Qxe5+ Qxe5 12. Nxe5 O-O-O 13. Nxf7 {Black
resigns} 1-0

[Event "Team 45 45 League T92"]
[Site "Internet Chess Club"]
[Date "2022.06.05"]
[Round "8"]
[White "stantheman59"]
[Black "CMAlge"]
[Result "1-0"]
[WhiteElo "1142"]
[BlackElo "1222"]
[Opening "King's Indian defense, 3.Nc3"]
[ECO "E61"]
[Time "14:04:33"]
[PlyCount "69"]
[TimeControl "2700+45"]

1. d4 Nf6 2. c4 g6 3. Nc3 Bg7 4. Nf3 O-O 5. Bf4 d6 6. e3 Nbd7 7. Be2 e5 8. dxe5
dxe5 9. Nxe5 Nh5 10. Bxh5 Nxe5 11. Qxd8 Rxd8 12. Be2 Nd3+ 13. Bxd3 Rxd3 14. Nd5
a6 15. Ke2 Rxd5 16. cxd5 Bxb2 17. Rab1 Bg7 18. Bxc7 b5 19. Ba5 Bf5 20. Rbd1 Bd7
21. Rd2 Rb8 22. a3 Rc8 23. Rhd1 Rc4 24. Bb6 Bf8 25. d6 b4 26. axb4 Rxb4 27. Bd8
Bg7 28. Rc1 Bb5+ 29. Kf3 h6 30. d7 g5 31. Ba5 g4+ 32. Kg3 h5 33. d8=Q+ Kh7 34.
Bxb4 Be5+ 35. Kh4 {Black resigns} 1-0